TOP OF THE 1ST |
Saskatoon Smokin' Guns batting - Pitching for Jasper Cougars : RHP Randy Rivera
|
Pitching: RHP Randy Rivera
|
|
Batting: RHB Luis Suárez
|
0-0: Ball 1-0: Ball 2-0: Ball 3-0: Called Strike 3-1: Foul Ball, location: 2F 3-2: SINGLE (Groundball, 34D)
|
Batting: LHB Rubén Salazar
|
0-0: Ball Luis Suárez steals 2nd base 1-0: Foul Ball, location: 2F 1-1: Ball 2-1: Foul Ball, location: 2F 2-2: Foul Ball, location: 2F 2-2: Foul Ball, location: 2F 2-2: Ball 3-2: Foul Ball, location: 2F 3-2: SINGLE (Groundball, 34D) Luis Suárez to third
|
Batting: RHB Juan Alvarado
|
0-0: Called Strike 0-1: Ball 1-1: Swinging Strike Passed Ball! Luis Suárez scores Rubén Salazar to second 1-2: Strikes out swinging
|
Batting: RHB Lyle Johnston
|
0-0: Ball 1-0: Ball 2-0: Ball 3-0: Base on Balls
|
Batting: RHB Juan Cardenas
|
0-0: Called Strike 0-1: Ball 1-1: Ball 2-1: Called Strike 2-2: Ball 3-2: Strikes out swinging
|
Batting: RHB Mike Ratzlaff
|
0-0: Called Strike 0-1: Foul Ball, location: 2F 0-2: Strikes out looking
|
Top of the 1st over - 1 run, 2 hits, 0 errors, 2 left on base; Saskatoon 1 - Jasper 0 |
BOTTOM OF THE 1ST |
Jasper Cougars batting - Pitching for Saskatoon Smokin' Guns : RHP Artie Smith
|
Pitching: RHP Artie Smith
|
|
Batting: RHB Júlio González
|
0-0: Called Strike 0-1: Ball 1-1: Ball 2-1: Ball 3-1: Base on Balls
|
Batting: RHB Alberto Castillo
|
0-0: Called Strike 0-1: Ball 1-1: Ball 2-1: Ball 3-1: SINGLE (Groundball, 56S) (infield hit) Júlio González to second
|
Batting: LHB Iván Soriano
|
0-0: Swinging Strike 0-1: Foul Ball, location: 2F 0-2: Foul Ball, location: 2F 0-2: Ball 1-2: DOUBLE (Flyball, 8LXD) Júlio González scores Alberto Castillo to third
|
Batting: LHB Luis García
|
0-0: Ball 1-0: Called Strike 1-1: SINGLE (Groundball, 4MD) Alberto Castillo scores Iván Soriano to third
|
Batting: RHB Ben Wilson
|
0-0: Foul Ball, location: 2F 0-1: Ground out 5-3 (Groundball, 5S) Iván Soriano scores Luis García to second
|
Batting: SHB Kel Davis
|
0-0: Called Strike 0-1: Ball 1-1: Ball 2-1: Fly out, F8 (Flyball, 8RXD) Runner from 2nd tags up, SAFE at 3rd, no throw
|
Batting: RHB Donald Fenner
|
0-0: Ball 1-0: Ball 2-0: Called Strike 2-1: Ball 3-1: Foul Ball, location: 2F 3-2: Base on Balls
|
Batting: LHB Leon Malone
|
0-0: Called Strike 0-1: Foul Ball, location: 2F 0-2: Strikes out swinging
|
Bottom of the 1st over - 3 runs, 3 hits, 0 errors, 2 left on base; Saskatoon 1 - Jasper 3 |
TOP OF THE 2ND |
Saskatoon Smokin' Guns batting - Pitching for Jasper Cougars : RHP Randy Rivera
|
Batting: LHB Jim Hall
|
0-0: Ball 1-0: Ball 2-0: Ball 3-0: Called Strike 3-1: Ground out 3-1 (Groundball, 34)
|
Batting: RHB Joe Wiggs
|
0-0: Foul Ball, location: 2F 0-1: DOUBLE (Line Drive, 89XD)
|
Batting: RHB Sebastiăo Batissela
|
0-0: Ball 1-0: SINGLE (Flyball, 9LM) Joe Wiggs to third
|
Batting: RHB Luis Suárez
|
0-0: Ball Sebastiăo Batissela steals 2nd base 1-0: Fly out, F9 (Flyball, 9LSF) Runner from 3rd tags up, SCORES, no throw
|
Batting: LHB Rubén Salazar
|
0-0: Called Strike 0-1: Ball 1-1: Called Strike 1-2: SINGLE (Groundball, 3D) Sebastiăo Batissela to third Runner from 3rd tries for Home, SAFE, no throw
|
Batting: RHB Juan Alvarado
|
0-0: Called Strike 0-1: Foul Ball, location: 2F 0-2: Ball Rubén Salazar steals 2nd base 1-2: Ball 2-2: Strikes out swinging
|
Top of the 2nd over - 2 runs, 3 hits, 0 errors, 1 left on base; Saskatoon 3 - Jasper 3 |
BOTTOM OF THE 2ND |
Jasper Cougars batting - Pitching for Saskatoon Smokin' Guns : RHP Artie Smith
|
Batting: RHB Alberto Morín
|
0-0: Ground out 4-3 (Groundball, 4S)
|
Batting: RHB Júlio González
|
0-0: Ball 1-0: Called Strike 1-1: Foul Ball, location: 2F 1-2: Foul Ball, location: 2F 1-2: Reached on error, E5 (Groundball, 56)
|
Batting: RHB Alberto Castillo
|
0-0: Ball 1-0: Grounds into double play, 5-4-3 (Groundball, 5)
|
Bottom of the 2nd over - 0 runs, 0 hits, 1 error, 0 left on base; Saskatoon 3 - Jasper 3 |
TOP OF THE 3RD |
Saskatoon Smokin' Guns batting - Pitching for Jasper Cougars : RHP Randy Rivera
|
Batting: RHB Lyle Johnston
|
0-0: Ground out 4-3 (Groundball, 4)
|
Batting: RHB Juan Cardenas
|
0-0: Ball 1-0: Foul Ball, location: 2F 1-1: Foul Ball, location: 2F 1-2: Strikes out swinging
|
Batting: RHB Mike Ratzlaff
|
0-0: Ball 1-0: Foul Ball, location: 2F 1-1: Ball 2-1: Swinging Strike 2-2: Fly out, F8 (Flyball, 8LM)
|
Top of the 3rd over - 0 runs, 0 hits, 0 errors, 0 left on base; Saskatoon 3 - Jasper 3 |
BOTTOM OF THE 3RD |
Jasper Cougars batting - Pitching for Saskatoon Smokin' Guns : RHP Artie Smith
|
Batting: LHB Iván Soriano
|
0-0: Called Strike 0-1: Called Strike 0-2: Foul Ball, location: 2F 0-2: Foul Ball, location: 2F 0-2: Ball 1-2: SINGLE (Groundball, 56D)
|
Batting: LHB Luis García
|
0-0: Ball 1-0: Ball 2-0: Called Strike 2-1: Ball 3-1: Foul Ball, location: 2F 3-2: Base on Balls Iván Soriano to second
|
Batting: RHB Ben Wilson
|
0-0: Ball 1-0: Called Strike 1-1: Swinging Strike 1-2: Grounds into double play, 4-6-3 (Groundball, 4) Iván Soriano to third
|
Batting: SHB Kel Davis
|
0-0: Ground out 4-3 (Groundball, 4)
|
Bottom of the 3rd over - 0 runs, 1 hit, 0 errors, 1 left on base; Saskatoon 3 - Jasper 3 |
TOP OF THE 4TH |
Saskatoon Smokin' Guns batting - Pitching for Jasper Cougars : RHP Randy Rivera
|
Batting: LHB Jim Hall
|
0-0: Ball 1-0: SINGLE (Groundball, 34S) (infield hit)
|
Batting: RHB Joe Wiggs
|
0-0: Called Strike Jim Hall steals 2nd base 0-1: Ball 1-1: Foul Ball, location: 2F 1-2: Strikes out swinging
|
Batting: RHB Sebastiăo Batissela
|
0-0: Ball 1-0: Ball 2-0: Ball 3-0: Called Strike 3-1: Base on Balls
|
Batting: RHB Luis Suárez
|
0-0: Ball 1-0: Ball 2-0: Reached on error, E5 (Groundball, 56) Jim Hall to third Sebastiăo Batissela to second
|
Batting: LHB Rubén Salazar
|
0-0: Swinging Strike 0-1: Swinging Strike 0-2: Ball 1-2: Ball 2-2: Strikes out swinging
|
Batting: RHB Juan Alvarado
|
0-0: Ball 1-0: Ball 2-0: Swinging Strike 2-1: Foul Ball, location: 2F 2-2: Foul Ball, location: 2F 2-2: Strikes out swinging
|
Top of the 4th over - 0 runs, 1 hit, 1 error, 3 left on base; Saskatoon 3 - Jasper 3 |
BOTTOM OF THE 4TH |
Jasper Cougars batting - Pitching for Saskatoon Smokin' Guns : RHP Artie Smith
|
Batting: RHB Donald Fenner
|
0-0: Ball 1-0: Ground out 5-3 (Groundball, 56S)
|
Batting: LHB Leon Malone
|
0-0: Called Strike 0-1: Swinging Strike 0-2: Strikes out looking
|
Batting: RHB Alberto Morín
|
0-0: Foul Ball, location: 2F 0-1: Ball 1-1: Called Strike 1-2: Ball 2-2: Ball 3-2: Fly out, F8 (Line Drive, 8LM)
|
Bottom of the 4th over - 0 runs, 0 hits, 0 errors, 0 left on base; Saskatoon 3 - Jasper 3 |
TOP OF THE 5TH |
Saskatoon Smokin' Guns batting - Pitching for Jasper Cougars : RHP Randy Rivera
|
Batting: RHB Lyle Johnston
|
0-0: Fly out, F7 (Flyball, 7)
|
Batting: RHB Juan Cardenas
|
0-0: Foul Ball, location: 2F 0-1: Ball 1-1: Ball 2-1: Called Strike 2-2: Foul Ball, location: 2F 2-2: Ball 3-2: Base on Balls
|
Batting: RHB Mike Ratzlaff
|
0-0: Ball 1-0: Ball 2-0: Swinging Strike 2-1: Foul Ball, location: 2F 2-2: Foul Ball, location: 2F 2-2: Strikes out looking
|
Batting: LHB Jim Hall
|
0-0: Called Strike 0-1: Ground out 4-3 (Groundball, 34D)
|
Top of the 5th over - 0 runs, 0 hits, 0 errors, 1 left on base; Saskatoon 3 - Jasper 3 |
BOTTOM OF THE 5TH |
Jasper Cougars batting - Pitching for Saskatoon Smokin' Guns : RHP Artie Smith
|
Batting: RHB Júlio González
|
0-0: Ball 1-0: Ground out 4-3 (Groundball, 4)
|
Batting: RHB Alberto Castillo
|
0-0: Called Strike 0-1: Ball 1-1: Ground out 1-3 (Groundball, P)
|
Batting: LHB Iván Soriano
|
0-0: Ball 1-0: Called Strike 1-1: Foul Ball, location: 2F 1-2: Ground out 6-3 (Groundball, 6S)
|
Bottom of the 5th over - 0 runs, 0 hits, 0 errors, 0 left on base; Saskatoon 3 - Jasper 3 |
TOP OF THE 6TH |
Saskatoon Smokin' Guns batting - Pitching for Jasper Cougars : RHP Randy Rivera
|
Pitching: RHP Pat Wright
|
|
Batting: RHB Joe Wiggs
|
0-0: SINGLE (Line Drive, 4MD)
|
Batting: RHB Sebastiăo Batissela
|
0-0: Foul Ball, location: 2F 0-1: Foul Ball, location: 2F 0-2: Ball 1-2: Strikes out swinging
|
Batting: RHB Luis Suárez
|
0-0: Ball 1-0: Swinging Strike 1-1: Fly out, F6 (Line Drive, 6)
|
Batting: LHB Rubén Salazar
|
0-0: Called Strike 0-1: Foul Ball, location: 2F 0-2: Ball 1-2: Foul Ball, location: 2F 1-2: Ball 2-2: Foul Ball, location: 2F 2-2: Ball 3-2: Foul Ball, location: 2F 3-2: Foul Ball, location: 2F 3-2: Base on Balls Joe Wiggs to second
|
Batting: RHB Juan Alvarado
|
0-0: Called Strike 0-1: Ball 1-1: Called Strike 1-2: Foul Ball, location: 2F 1-2: Strikes out looking
|
Top of the 6th over - 0 runs, 1 hit, 0 errors, 2 left on base; Saskatoon 3 - Jasper 3 |
BOTTOM OF THE 6TH |
Jasper Cougars batting - Pitching for Saskatoon Smokin' Guns : RHP Artie Smith
|
Batting: LHB Luis García
|
0-0: Called Strike 0-1: Ground out 6-3 (Groundball, 6M)
|
Batting: RHB Ben Wilson
|
0-0: Ball 1-0: Ball 2-0: Swinging Strike 2-1: Ground out 6-3 (Groundball, 6M)
|
Batting: SHB Kel Davis
|
0-0: Ball 1-0: Foul Ball, location: 2F 1-1: Ball 2-1: DOUBLE (Line Drive, 9LM)
|
Batting: RHB Donald Fenner
|
0-0: Foul Ball, location: 2F 0-1: Fly out, F4 (Popup, 3DF)
|
Bottom of the 6th over - 0 runs, 1 hit, 0 errors, 1 left on base; Saskatoon 3 - Jasper 3 |
TOP OF THE 7TH |
Saskatoon Smokin' Guns batting - Pitching for Jasper Cougars : RHP Pat Wright
|
Batting: RHB Lyle Johnston
|
0-0: Ball 1-0: Foul Ball, location: 2F 1-1: Swinging Strike 1-2: Fly out, F9 (Flyball, 89S)
|
Batting: RHB Juan Cardenas
|
0-0: Ball 1-0: Ball 2-0: Ground out 6-3 (Groundball, 6M)
|
Batting: RHB Mike Ratzlaff
|
0-0: Foul Ball, location: 2F 0-1: Ball 1-1: Ball 2-1: Fly out, F8 (Flyball, 89D)
|
Top of the 7th over - 0 runs, 0 hits, 0 errors, 0 left on base; Saskatoon 3 - Jasper 3 |
BOTTOM OF THE 7TH |
Jasper Cougars batting - Pitching for Saskatoon Smokin' Guns : RHP Artie Smith
|
Pitching: LHP Ray Karl
|
|
Batting: LHB Leon Malone
|
0-0: Swinging Strike 0-1: Foul Ball, location: 2F 0-2: Fly out, F7 (Flyball, 78S)
|
Batting: RHB Alberto Morín
|
0-0: Called Strike 0-1: Ball 1-1: Swinging Strike 1-2: Ball 2-2: SINGLE (Groundball, 4MD)
|
Batting: RHB Júlio González
|
0-0: Swinging Strike 0-1: Foul Ball, location: 2F 0-2: Hit by Pitch Alberto Morín to second
|
Batting: RHB Alberto Castillo
|
0-0: Called Strike 0-1: Ball 1-1: Ball 2-1: Swinging Strike 2-2: SINGLE (Groundball, 34D) Alberto Morín to third Júlio González to second Runner from 3rd tries for Home, SAFE, no throw
|
Batting: LHB Iván Soriano
|
0-0: Called Strike 0-1: Foul Ball, location: 2F 0-2: Ball 1-2: Foul Ball, location: 2F 1-2: Foul Ball, location: 2F 1-2: Fly out, F6 (Line Drive, 6)
|
Pinch Hitting: RHB Richie Sawyer
|
0-0: SINGLE (Flyball, 7S) Júlio González to third Alberto Castillo to second Runner from 3rd tries for Home, throw and OUT!
|
Bottom of the 7th over - 1 run, 3 hits, 0 errors, 2 left on base; Saskatoon 3 - Jasper 4 |
TOP OF THE 8TH |
Saskatoon Smokin' Guns batting - Pitching for Jasper Cougars : RHP Pat Wright
|
Now in RF: Richie Sawyer
|
|
Batting: LHB Jim Hall
|
0-0: Ball 1-0: Ball 2-0: Ball 3-0: Called Strike 3-1: Called Strike 3-2: Base on Balls
|
Pitching: RHP George Stout
|
|
Batting: RHB Joe Wiggs
|
0-0: Bunted foul 0-1: Ball 1-1: Sac Bunt - play at first, batter OUT! 1-4 Jim Hall to second
|
Pinch Hitting: LHB Ben Donaldson
|
0-0: Foul Ball, location: 2F 0-1: Ground out 4-3 (Groundball, 4S) Jim Hall to third
|
Batting: RHB Luis Suárez
|
0-0: Called Strike 0-1: Foul Ball, location: 2F 0-2: Ball 1-2: Strikes out looking
|
Top of the 8th over - 0 runs, 0 hits, 0 errors, 1 left on base; Saskatoon 3 - Jasper 4 |
BOTTOM OF THE 8TH |
Jasper Cougars batting - Pitching for Saskatoon Smokin' Guns : LHP Ray Karl
|
Now at 3B: Mathew Olson
|
|
Batting: RHB Ben Wilson
|
0-0: Ball 1-0: Ball 2-0: Foul Ball, location: 2F 2-1: Foul Ball, location: 2F 2-2: Foul Ball, location: 2F 2-2: Foul Ball, location: 2F 2-2: SINGLE (Groundball, 4MD)
|
Batting: SHB Kel Davis
|
0-0: Ball 1-0: Ball 2-0: Called Strike 2-1: Swinging Strike 2-2: Ball 3-2: SINGLE (Flyball, 7LS) Ben Wilson to second Runner from 2nd tries for 3rd, SAFE, no throw
|
Batting: RHB Donald Fenner
|
0-0: Fly out, F6 (Popup, 6D)
|
Batting: LHB Leon Malone
|
0-0: Foul Ball, location: 2F 0-1: Ball 1-1: Foul Ball, location: 2F 1-2: SINGLE (Line Drive, 8RS) Ben Wilson scores Kel Davis to second
|
Pitching: RHP Ismael Ramírez
|
|
Batting: RHB Alberto Morín
|
0-0: SINGLE (Groundball, 6MD) Kel Davis to third Leon Malone to second Runner from 3rd tries for Home, throw and OUT!
|
Batting: RHB Júlio González
|
0-0: Foul Ball, location: 2F 0-1: Called Strike 0-2: Ball 1-2: Strikes out looking
|
Bottom of the 8th over - 1 run, 4 hits, 0 errors, 2 left on base; Saskatoon 3 - Jasper 5 |
TOP OF THE 9TH |
Saskatoon Smokin' Guns batting - Pitching for Jasper Cougars : RHP George Stout
|
Pitching: RHP Cipriano Román
|
|
Batting: LHB Rubén Salazar
|
0-0: Ball 1-0: Swinging Strike 1-1: Ball 2-1: Foul Ball, location: 2F 2-2: Foul Ball, location: 2F 2-2: Ground out U3 (Groundball, 34S)
|
Batting: RHB Juan Alvarado
|
0-0: Foul Ball, location: 2F 0-1: Swinging Strike 0-2: Ball 1-2: Strikes out swinging
|
Batting: RHB Lyle Johnston
|
0-0: Swinging Strike 0-1: Ball 1-1: Called Strike 1-2: Fly out, F8 (Flyball, 78S)
|
Top of the 9th over - 0 runs, 0 hits, 0 errors, 0 left on base; Saskatoon 3 - Jasper 5 |
|